 Dungeon Crawl Stone Soup version 0.27-a0-1579-g97d2440184 (webtiles) character file.

Game seed: 5052639101572392102

53 dynsetu the Insei (level 4, -1/32 HPs)
             Began as a Djinni Transmuter on July 17, 2021.
             Slain by a goblin (4 damage)
             ... led by Robin
             ... on level 2 of the Dungeon.
             The game lasted 00:05:25 (2363 turns).

dynsetu the Insei (Djinni Transmuter)               Turns: 2363, Time: 00:05:26

Health: -1/32      AC:  3    Str:  9    XL:     4   Next: 10%
Gold:   45         EV: 12    Int: 16    God:
                   SH:  0    Dex: 13

rFire    + + .     SeeInvis .     - Unarmed
rCold    x . .     Faith    .   (no shield)
rNeg     . . .     Spirit   .   a - +0 robe
rPois    ∞         Reflect  .   e - +0 helmet
rElec    .         Harm     .   (no cloak)
rCorr    .         Rampage  .   (no gloves)
Will     .....                  (boots unavailable)
Stlth    +.........             (no amulet)
HPRegen  0.10/turn              (no ring)
MPRegen  0.00/turn              (no ring)

@: wereblooded, flying
A: sickness immunity, fire resistance 2, cold vulnerability 1, float, innate
caster, hp casting, extra vitality 1
a: no special abilities


You were on level 2 of the Dungeon.
You visited 1 branch of the dungeon, and saw 2 of its levels.

You collected 45 gold pieces.

Inventory:

Armour
 a - a +0 robe (worn)
 e - a +0 helmet (worn)
Scrolls
 b - a scroll of teleportation {unknown}
 c - a scroll of blinking {unknown}
 h - a scroll of vulnerability {unknown}
Potions
 d - a potion of ambrosia {unknown}
 f - a potion of mutation {unknown}
 g - a potion of curing {unknown}


   Skills:
 + Level 1.3 Fighting
 + Level 2.7 Dodging
 + Level 0.5 Stealth
 + Level 3.8 Unarmed Combat
 + Level 2.0 Spellcasting


You couldn't memorise any spells.
You knew the following spells:

 Your Spells              Type           Power      Damage    Failure   Level
a - Beastly Appendage     Tmut           16%        N/A       9%          1
b - Wereblood             Tmut           8%         N/A       14%         2
c - Spider Form           Tmut/Pois      4%         N/A       26%         3
d - Ice Form              Ice/Tmut       8%         N/A       65%         4
e - Apportation           Tloc           16%        N/A       9%          1
Your spell library was empty.

Dungeon Overview and Level Annotations

Branches:
Dungeon (2/15)

Altars:

Annotations:
D:2 Robin


Innate Abilities, Weirdness & Mutations

You are immune to sickness and miasma.
You are immune to poison.
Your flesh is very heat resistant. (rF++)
You are vulnerable to cold. (rC-)
You float through the air rather than walking.
You learn spells naturally, not from books.
Your magical power is your life essence.
You have superior vitality. (+4 HP)


Message History

You kill the goblin!
You hear a splash.
The goblin hits you with a +0 club. The goblin misses you.
The goblin closely misses you.
A bat comes into view.
You hit the goblin.
You feel a bit better.
You kill the goblin!
You hear a splash.
The goblin splashes around in the water. x2
The goblin hits you with a +0 club.
You hit the goblin.
You feel a bit better.
You kill the goblin!
You hear a splash.
The goblin completely misses you. The goblin closely misses you.
The goblin splashes around in the water.
You closely miss the hobgoblin. Your headbutt misses the hobgoblin.
The hobgoblin barely misses you.
The goblin splashes around in the water.
The goblin hits you with a +0 club.
You hit the hobgoblin.
The hobgoblin is moderately wounded.
The hobgoblin splashes around in the water.
Robin throws the goblin at you! The goblin barely misses you. x2
You hit the hobgoblin. Your headbutt misses the hobgoblin.
The hobgoblin is severely wounded.
The goblin hits you with a +0 dagger. The hobgoblin barely misses you.
The goblin splashes around in the water.
The goblin misses you. x2
You hit the hobgoblin.
You feel a bit better.
You kill the hobgoblin!
Your horns disappear.
Your +0 helmet unmelds from your body.
The bat hits you but does no damage. The goblin hits you with a +0 dagger.
* * * LOW HITPOINT WARNING * * *
The bat closely misses you. The goblin hits you with a +0 club.
* * * LOW HITPOINT WARNING * * *
The goblin hits you with a +0 club.
* * * LOW HITPOINT WARNING * * *
The goblin hits you with a +0 club.
You die...

#.♣.≈≈≈≈≈≈≈≈≈≈≈
#..............
#...≈≈≈≈≈≈≈≈P≈≈
#.♣≈≈≈≈≈≈≈≈≈≈≈≈
#.≈P≈≈≈≈≈≈≈≈≈≈≈
#≈≈≈≈g≈≈≈≈≈≈≈
#≈≈ggg≈≈≈≈♣
♣b@g≈≈♣ #♣)g≈≈♣
#.#### #!≈≈♣♣♣
#..... # #.#≈♣ ##
#. ##.### #######
###.###...#######
#......
#.......#...[....
..#####
.#..##...#######
##### #
#.##PPP...#
#...####


You could see Robin, 5 goblins and a bat.

Vanquished Creatures
  2 adders (D:2)
  2 dart slugs (D:1)
  7 bats
  An endoplasm (D:1)
  A giant cockroach (D:1)
  7 goblins
  2 hobgoblins
  4 kobolds
  A frilled lizard (D:1)
  4 rats (D:1)
31 creatures vanquished.

Vanquished Creatures (others)
  20 plants (D:2)
20 creatures vanquished.

Grand Total: 51 creatures vanquished

Notes
Turn   | Place    | Note
-------+----------+-------------------------------------------
     0 | D:1      | dynsetu the Djinni Transmuter began the quest for the Orb.
     0 | D:1      | Reached XP level 1. HP: 17/17 MP: 0/0
   374 | D:1      | Reached XP level 2. HP: 21/22 MP: 0/0
  1107 | D:1      | Reached XP level 3. HP: 27/27 MP: 0/0
  1107 | D:1      | Learned a level 1 spell: Apportation
  1696 | D:1      | Found a faded altar of an unknown god.
  2328 | D:2      | Reached XP level 4. HP: 31/32 MP: 0/0
  2348 | D:2      | Noticed Robin
  2363 | D:2      | Slain by a goblin

Illustrated notes

Levels and vault maps discovered:
D:1:      roderic_dead_forest, layout_basic,
          shapermc_ecumenical_altar_hornbeckon, serial_bayou_ford_a
D:2:      layout_loops_ring, serial_bayou, serial_bayou_lagoon_b,
          serial_bayou_pond_c, serial_bayou_pond_e, serial_bayou_pond_e,
          minmay_misc_feat_plants, skrybe_limestone_x, uniq_robin

Skill      XL: |  1  2  3 |
---------------+----------+-----
Spellcasting   | 2 |  2.0
Fighting       | |  1.3
Dodging        | |  2.7
Stealth        | |  0.5
Unarmed Combat | |  3.8

Action                   |  1- 3 |  4- 6 || total
-------------------------+-------+-------++-------
Melee: Unarmed           |   104 |    13 ||   117
       Headbutt          |    10 |     1 ||    11
 Cast: Beastly Appendage |    19 |     1 ||    20
       Wereblood         |     2 |     1 ||     3
 Abil: End Transformatio |     1 |       ||     1
 Stab: Sleeping          |     2 |       ||     2
Armor: Robe              |    32 |     1 ||    33
Dodge: Dodged            |    61 |    15 ||    76

Table legend: (Time is in decaauts)
 A = Elapsed time spent in this place.
 B = Non-inter-level travel time spent in this place.
 C = Inter-level travel time spent in this place.
 D = Time resting spent in this place.
 E = Time spent auto-exploring this place.
 F = Levels seen in this place.
 G = Mean time per level.
                   A        B        C        D        E       F      G
               +--------+--------+--------+--------+--------+-----+--------+
         Total |   2355 |   2340 |     15 |      6 |   2043 |   2 | 1177.5 |
       Dungeon |   2355 |   2340 |     15 |      6 |   2043 |   2 | 1177.5 |
               +--------+--------+--------+--------+--------+-----+--------+

Top non-repeatable levels by time:
     D:1: 1780 daAuts
     D:2: 575 daAuts
